 Dungeon Crawl Stone Soup version 0.28.0-53-g5a82cb258f (webtiles) character file.

Game seed: 8199868084744213564

425 Peloso the Slasher (level 6, -1/53 HPs)
             Began as a Minotaur Fighter on July 2, 2022.
             Slain by a gnoll
             ... wielding a +1 halberd of venom
              (6 damage)
             ... on level 4 of the Dungeon.
             The game lasted 00:04:29 (3230 turns).

Peloso the Slasher (Minotaur Fighter)               Turns: 3230, Time: 00:04:30

Health: -1/53      AC:  3    Str: 21    XL:     6   Next: 64%
Magic:  5/5        EV:  6    Int:  5    God:
Gold:   151        SH:  5    Dex: 11    Spells: 5/5 levels left

rFire   . . .      SeeInvis .   a - +0 long sword
rCold   . . .      Faith    .   c - +0 buckler
rNeg    . . .      Spirit   .   f - +0 plate armour
rPois   .          Reflect  .   (helmet restricted)
rElec   .          Harm     .   (no cloak)
rCorr   .          Rampage  .   h - +2 pair of gloves
Will    .....                   (no boots)
Stlth   ..........              (no amulet)
HPRegen 0.17/turn               (no ring)
MPRegen 0.09/turn               (no ring)

@: corroded
A: horns 2, retaliatory headbutt
a: no special abilities


You were on level 4 of the Dungeon.
You visited 1 branch of the dungeon, and saw 4 of its levels.

You collected 151 gold pieces.

Inventory:

Hand Weapons
 a - a +0 long sword (weapon)
Armour
 b - a +0 scale mail
 c - a +0 buckler (worn)
 f - a +0 plate armour (worn)
 h - a +2 pair of gloves (worn)
Jewellery
 e - an amulet of the acrobat
Wands
 i - a wand of flame (3)
Scrolls
 g - a scroll of enchant armour
Potions
 d - 2 potions of might
 j - a potion of haste {unknown}
 k - a potion of berserk rage {unknown}
 l - a potion of cancellation {unknown}
 m - a potion of mutation {unknown}
 n - a potion of degeneration {unknown}


   Skills:
 + Level 4.6 Fighting
 + Level 6.3 Long Blades
 + Level 5.1 Armour
 + Level 0.4 Dodging
 + Level 0.5 Stealth
 + Level 4.8 Shields


You had 5 spell levels left.
You didn't know any spells.
Your spell library was empty.

Dungeon Overview and Level Annotations

Branches:
Dungeon (4/15)
 Temple: D:4-7

Altars:


Innate Abilities, Weirdness & Mutations

You have a pair of horns on your head.
You reflexively headbutt those who attack you in melee.


Message History

The gnoll shouts!
You hit the jelly.
Your hands burn!
The jelly is moderately wounded.
The jelly hits you. The acid corrodes you!
You are splashed with acid.
The jelly hits you but does no damage.
You hit the jelly.
Your hands burn!
You headbutt the jelly.
The jelly is heavily wounded.
The jelly jiggles.
The jelly closely misses you.
A gnoll shaman comes into view. It is wielding a +0 club.
The gnoll shaman shouts!
You hit the jelly but do no damage.
Your hands burn!
The jelly is heavily wounded.
You hear a shout!
A gnoll comes into view. It is wielding a +0 halberd.
The jelly hits you but does no damage.
The gnoll shaman calls upon its god to speed up something.
You hear a bark!
You hit the jelly. The acid corrodes you!
Your hands burn!
The jelly is almost dead.
The jelly hits you but does no damage.
Unknown command.
You barely miss the jelly.
The jelly is almost dead.
A gnoll comes into view. It is wielding a +1 halberd of venom.
The jelly hits you.
You are splashed with acid!
You hit the jelly but do no damage. The acid corrodes you!
Your hands burn!
The jelly is almost dead.
The gnoll hits you from afar with a +0 halberd!
* * * LOW HITPOINT WARNING * * *
You block the jelly's attack.
A giant cockroach comes into view.
You hit the jelly.
You kill the jelly!
The gnoll hits you from afar with a +0 halberd!
* * * LOW HITPOINT WARNING * * *
Your Armour skill increases to level 5!
Unknown command.
The gnoll hits you from afar with a +1 halberd of venom.
You die...

........###.......♣..
##........'........♣ ..
#........'........♣♣....
#.......##.......♣..♣...
##.......#..........$...
#.....###..............
###.###.####.............
#...# #....##............
#.### #.######..@........
#.# #..># ##...g......
#.# ###.# ##...g....# #.#
#.# ####g'#### #.#
###.###### B.# #.#
#.......... ... #.##
#.#######.. .#.# ...##
#.# ..# ....###.# #.#


You could see a gnoll shaman, 2 gnolls and a giant cockroach.

Vanquished Creatures
  Eustachio (D:4)
  A water moccasin skeleton (D:4)
  A jelly (D:4)
  Natasha (twice) (D:4)
  Robin (D:2)
  3 gnolls (D:3)
  4 adders
  An ufetubus (D:4)
  An adder skeleton (D:4)
  2 worms
  3 dart slugs
  5 ball pythons
  6 endoplasms
  2 giant cockroaches
  13 goblins
  8 hobgoblins
  A jackal (D:4)
  5 quokkas
  3 bats
  2 frilled lizards (D:2)
  3 kobolds
  10 rats
78 creatures vanquished.

Vanquished Creatures (others)
  4 fungi (D:2)
4 creatures vanquished.

Grand Total: 82 creatures vanquished

Notes
Turn   | Place    | Note
-------+----------+-------------------------------------------
     0 | D:1      | Peloso the Minotaur Fighter began the quest for the Orb.
     0 | D:1      | Reached XP level 1. HP: 19/19 MP: 0/0
   457 | D:1      | Reached XP level 2. HP: 21/27 MP: 1/1
   958 | D:2      | Reached skill level 3 in Long Blades
  1048 | D:2      | Reached XP level 3. HP: 33/33 MP: 2/2
  1086 | D:2      | Found a faded altar of an unknown god.
  1401 | D:2      | Noticed Robin
  1457 | D:2      | Killed Robin
  1463 | D:2      | Reached skill level 4 in Long Blades
  1463 | D:2      | Reached XP level 4. HP: 33/40 MP: 3/3
  2516 | D:4      | Noticed Natasha
  2524 | D:4      | Killed Natasha
  2525 | D:4      | Reached skill level 5 in Long Blades
  2525 | D:4      | Reached XP level 5. HP: 36/46 MP: 4/4
  2727 | D:4      | Noticed Eustachio
  2759 | D:4      | Killed Eustachio
  2760 | D:4      | Reached skill level 6 in Long Blades
  2760 | D:4      | Reached XP level 6. HP: 36/53 MP: 5/5
  2881 | D:4      | Noticed Natasha
  2893 | D:4      | HP: 1/53 [white imp/puff of frost[Natasha] (8)]
  2895 | D:4      | Killed Natasha
  3230 | D:4      | Reached skill level 5 in Armour
  3230 | D:4      | Slain by a gnoll

Illustrated notes

Levels and vault maps discovered:
D:1:      lemuel_arrival_rhombus, layout_loops_ring
D:2:      layout_basic, shapermc_ecumenical_altar_mp_urbaneastern, minivault_25,
          minmay_rat_gold_closets, uniq_robin
D:3:      layout_rooms, grunt_ministairs_5, minmay_misc_feat_room
D:4:      kennysheep_big_flooded_room, layout_loops_ring, serial_glass,
          glass_columns_a, glass_columns_a, glass_columns_a, glass_columns_b,
          glass_columns_a, glass_columns_b, glass_columns_a, glass_columns_a,
          glass_columns_b, glass_columns_b, uniq_eustachio, uniq_natasha

Skill      XL: |  1  2  3  4  5  6 |
---------------+-------------------+-----
Long Blades    | 3 4 5 6 |  6.3
Armour         | 4 5 |  5.1
Fighting       | 4 |  4.6
Shields        | 4 |  4.8
Dodging        | |  0.4
Stealth        | |  0.5

Action                   |  1- 3 |  4- 6 || total
-------------------------+-------+-------++-------
Melee: Long sword        |   108 |   118 ||   226
       Headbutt          |    10 |    22 ||    32
  Use: Scroll            |     3 |     2 ||     5
       Potion            |     1 |     1 ||     2
Armor: Scale mail        |    26 |       ||    26
       Plate armour      |    34 |   148 ||   182
Dodge: Dodged            |    29 |    70 ||    99
Block: Buckler           |    24 |    45 ||    69
